 Dungeon Crawl Stone Soup version 0.30-a0-1160-g6e42c06551 (webtiles) character file.

Game seed: 6431662908682675158

583 jasper the Magician (level 7, -1/32 HPs)
             Began as a Spriggan Earth Elementalist on Apr 25, 2023.
             Was an Initiate of Kikubaaqudgha.
             Succumbed to Dowan's poison
             ... on level 4 of the Dungeon.
             The game lasted 00:05:21 (3175 turns).

jasper the Magician (Spriggan Earth Elementalist)   Turns: 3175, Time: 00:05:22

Health: -1/32      AC:  3    Str:  4    XL:     7   Next: 14%
Magic:  16/16      EV: 17    Int: 18    God:    Kikubaaqudgha [......]
Gold:   167        SH:  0    Dex: 16    Spells: 3/17 levels left

rFire   . . .        o - +3 quarterstaff (chaos)
rCold   . . .        (shield currently unavailable)
rNeg    + . .        j - +0 robe {rN+}
rPois   .            (helmet restricted)
rElec   .            n - +0 cloak
rCorr   .            (gloves unavailable)
SInv    +            (boots unavailable)
Will    +....        (no amulet)
Stlth   ++           (no ring)
HPRegen 0.25/turn    (no ring)
MPRegen 0.15/turn

%: no passive effects
@: lethally poisoned (-1 -> -13), very quick
A: very small, no large weapons, unfitting armour, see invisible, speed 3
a: Renounce Religion


You were on level 4 of the Dungeon.
You worshipped Kikubaaqudgha.
Kikubaaqudgha was noncommittal.
You visited 1 branch of the dungeon, and saw 4 of its levels.

You collected 167 gold pieces.

Inventory:

Hand Weapons
 d - a +0 rapier
 o - a +3 quarterstaff of chaos (weapon)
Armour
 a - a +0 robe
 j - a +0 robe of positive energy (worn)
 n - a +0 cloak (worn)
Jewellery
 f - a ring of wizardry
Wands
 q - a wand of iceblast (12)
Scrolls
 c - 7 scrolls of teleportation {unknown}
 e - a scroll of vulnerability {unknown}
 g - 8 scrolls of identify {unknown}
 h - 5 scrolls of fear {unknown}
 i - a scroll of fog {unknown}
 p - a scroll of magic mapping {unknown}
Potions
 b - a potion of magic
 l - a potion of might
 m - a potion of ambrosia {unknown}
 r - a potion of brilliance {unknown}
 s - a potion of haste {unknown}
 t - a potion of degeneration {unknown}


   Skills:
 + Level 0.3 Fighting
 + Level 3.0 Dodging
 - Level 3.0 Stealth
 - Level 5.9 Spellcasting
 + Level 2.5 Conjurations
 + Level 0.4 Necromancy
 - Level 1.3 Transmutations
 * Level 5.0 Earth Magic


You had 3 spell levels left.
You knew the following spells:

 Your Spells              Type           Power      Damage    Failure   Level
a - Sandblast             Erth           46%        2d11      1%          1
b - Passwall              Tmut/Erth      13%        N/A       4%          2
c - Stone Arrow           Conj/Erth      38%        3d9       8%          3
d - Cigotuvi's Dreadful   Necr/Pois/Air  10%        N/A       17%         2
e - Statue Form           Tmut/Erth      10%        N/A       99%         6

Your spell library contained the following spells:

 Spells                   Type           Power      Damage    Failure   Level
 Shock                    Conj/Air       36%        1d5       7%          1
 Necrotise                Necr           28%        1d5       10%         1
 Freeze                   Ice            20%        1d4       12%         1
 Hailstorm                Conj/Ice       9%         3d4       22%         3
 Ignite Poison            Fire/Tmut/Pois 6%         N/A       30%         3
 Frozen Ramparts          Ice            10%        1d2       36%         3
 Gell's Gravitas          Tloc           5%         N/A       36%         3
 Portal Projectile        Hex/Tloc       10%        N/A       36%         3
 Teleport Other           Tloc           5%         N/A       36%         3
 Tukima's Dance           Hex            5%         N/A       36%         3
 Petrify                  Tmut/Erth      16%        N/A       32%         4
 Blade Hands              Tmut           5%         N/A       88%         5
 Freezing Cloud           Conj/Ice/Air   4%         6-21      93%         5
 Metabolic Englaciation   Hex/Ice        2%         N/A       98%         5
 Dispersal                Tloc           2%         N/A       100%        6


Dungeon Overview and Level Annotations

Branches:
Dungeon (4/15)
 Temple: D:4-7

Altars:
Dithmenos
Kikubaaqudgha
Ru
Sif Muna
Vehumet

Annotations:
D:4 Dowan, Duvessa


Innate Abilities, Weirdness & Mutations

You are very small and have problems with some larger weapons.
You are too small for most types of armour.
You have supernaturally acute eyesight. (SInv)
You cover ground extremely quickly. (Speed+++)


Message History

Duvessa seems to speed up.
You now have 14/16 mp.
Okay, then.
Duvessa says, "My weaknesses are his strengths!"
Dowan misses you.
Dowan gestures wildly while chanting.
Dowan blinks!
MP restored: 16 A gnoll comes into view.
It is wielding a +0 spear.
Found a kite shield.
Duvessa hits you with a +0 short sword of speed!
You take 9 damage, and have 23/32 hp.
MASSIVE DAMAGE!!
Duvessa closely misses you.
There is a stone staircase leading down here.
Duvessa hits you with a +0 short sword of speed.
You take 5 damage, and have 19/32 hp.
Dowan hits you with a +0 dagger of venom.
You are poisoned.
You take 3 damage, and have 16/32 hp.
You feel sick.
Dowan hits you with a +0 dagger of venom.
* * * LOW HITPOINT WARNING * * *
You are lethally poisoned!
You take 7 damage, and have 9/32 hp.
MASSIVE DAMAGE!!
* * * LOW HITPOINT WARNING * * *
You feel very sick.
You take 3 damage, and have 6/32 hp.
It was a potion of might.
You feel very mighty all of a sudden.
* * * LOW HITPOINT WARNING * * *
You feel very sick. Duvessa misses you. x2
You take 4 damage, and have 2/32 hp.
Okay, then.
It was a potion of cancellation.
Your magical effects are unravelling.
You feel magically purged.
You feel a little less mighty now.
You die...
Kikubaaqudgha rasps: "You have failed me!
Welcome... death!"

.. #. #. .#.# #.#### ...#
#....# ##..## #....#
#...... ###...#...##..# #
#...e@<.# #..# ...######
##.#.e...## #..##
#......###..#####...##e..#
######....>## ##..#.#.#
#...###########.#.#.# ###
#.#.................##....
##.############...##.......
######..# ##...#.##....
#.......# ##..........


You could see Duvessa (fast) and Dowan.

Vanquished Creatures
  Grinder (D:3)
  Blork the orc (D:4)
  Crazy Yiuf (D:2)
  Natasha (thrice) (D:3)
  Ijyb (D:3)
  An iguana (D:4)
  2 sleepcaps
  3 gnolls (D:2)
  3 adders
  A dart slug (D:1)
  6 bats
  2 endoplasms (D:3)
  2 giant cockroaches (D:1)
  4 goblins
  2 hobgoblins (D:2)
  8 kobolds
  6 quokkas
  7 ball pythons
  6 frilled lizards
  7 rats
67 creatures vanquished.

Vanquished Creatures (others)
  A fungus (D:2)
1 creature vanquished.

Grand Total: 68 creatures vanquished

Notes
Turn   | Place    | Note
-------+----------+-------------------------------------------
     0 | D:1      | jasper the Spriggan Earth Elementalist began the quest for
                  | the Orb.
     0 | D:1      | Reached XP level 1. HP: 9/9 MP: 5/5
   220 | D:1      | Reached XP level 2. HP: 13/13 MP: 5/7
   936 | D:2      | Reached XP level 3. HP: 7/16 MP: 0/9
   939 | D:2      | Learned a level 2 spell: Passwall
   943 | D:2      | Learned a level 3 spell: Stone Arrow
  1272 | D:2      | You fall into a shaft and drop 2 floors!
  1351 | D:2      | Reached XP level 4. HP: 21/21 MP: 9/11
  1713 | D:2      | Found a faded altar of an unknown god.
  1721 | D:2      | Got Plato's Folio of the Sky
  1960 | D:2      | Found a runed translucent door.
  1961 | D:2      | Noticed Crazy Yiuf
  2003 | D:2      | Killed Crazy Yiuf
  2004 | D:2      | Reached skill level 1 in Conjurations
  2074 | D:3      | Reached XP level 5. HP: 24/24 MP: 8/12
  2078 | D:3      | Learned a level 2 spell: Cigotuvi's Dreadful Rot
  2112 | D:3      | Found a radiant altar of Vehumet.
  2166 | D:3      | Noticed Ijyb
  2166 | D:3      | Noticed Natasha
  2172 | D:3      | Killed Natasha
  2217 | D:3      | Killed Ijyb
  2339 | D:3      | Found a sacrificial altar of Ru.
  2361 | D:3      | Reached skill level 5 in Spellcasting
  2383 | D:3      | Found a shadowy altar of Dithmenos.
  2398 | D:3      | Noticed Natasha
  2404 | D:3      | Killed Natasha
  2457 | D:3      | Noticed Natasha
  2469 | D:3      | Killed Natasha
  2564 | D:3      | Noticed Grinder
  2575 | D:3      | Killed Grinder
  2576 | D:3      | Reached XP level 6. HP: 20/28 MP: 6/15
  2760 | D:3      | Found an ancient bone altar of Kikubaaqudgha.
  2761 | D:3      | Found a shimmering blue altar of Sif Muna.
  2767 | D:3      | Got Kikubaaqudgha's Excursus on Blasphemous Liturgies
  2848 | D:3      | Became a worshipper of Kikubaaqudgha
  2958 | D:4      | Learned a level 6 spell: Statue Form
  2999 | D:4      | Noticed Blork the orc
  3019 | D:4      | Killed Blork the orc
  3020 | D:4      | Reached skill level 5 in Earth Magic
  3020 | D:4      | Reached XP level 7. HP: 12/32 MP: 11/16
  3137 | D:4      | Noticed Duvessa
  3138 | D:4      | Noticed Dowan
  3175 | D:4      | Succumbed to Dowan's poison

Illustrated notes

Levels and vault maps discovered:
D:1:      ncdulo_lavacross, layout_loops_ring
D:2:      layout_loops_ring, shapermc_ecumenical_altar_rom_forum,
          hangedman_decor_points, uniq_crazy_yiuf_cottage
D:3:      layout_rooms, grunt_temple_overflow_magic_moments,
          mainiacjoe_overflow_alcove_4, nicolae_dithmenos_the_darkroom,
          serial_corexii_hall, corexii_hall_statues_s,
          chequers_hall_statues_corner_a, uniq_grinder, uniq_ijyb, uniq_natasha
D:4:      layout_rooms, uniq_duvessa, uniq_blork_the_orc

Skill      XL: |  1  2  3  4  5  6  7 |
---------------+----------------------+-----
Spellcasting   | 3 4 5 |  5.9
Earth Magic    | 3 4 5 |  5.0
Conjurations   | 1 2 |  2.5
Dodging        | 3 |  3.0
Fighting       | |  0.3
Stealth        | |  3.0
Necromancy     | |  0.4
Transmutations | |  1.3

Action                     |  1- 3 |  4- 6 |  7- 9 || total
---------------------------+-------+-------+-------++-------
  Melee: Rapier            |       |     1 |       ||     1
         Quarterstaff      |       |    10 |       ||    10
   Cast: Sandblast         |    52 |    80 |     6 ||   138
    Use: Potion            |       |     1 |     2 ||     3
 Armour: Robe              |     4 |     3 |       ||     7
  Dodge: Dodged            |    15 |    42 |     4 ||    61

Table legend: (Time is in decaauts)
 A = Elapsed time spent in this place.
 B = Non-inter-level travel time spent in this place.
 C = Inter-level travel time spent in this place.
 D = Time resting spent in this place.
 E = Time spent auto-exploring this place.
 F = Levels seen in this place.
 G = Mean time per level.
                   A        B        C        D        E       F      G
               +--------+--------+--------+--------+--------+-----+--------+
         Total |   2511 |   2478 |     33 |     25 |   1932 |   4 |  627.8 |
       Dungeon |   2511 |   2478 |     33 |     25 |   1932 |   4 |  627.8 |
               +--------+--------+--------+--------+--------+-----+--------+

Top non-repeatable levels by time:
     D:2: 925 daAuts
     D:3: 750 daAuts
     D:1: 644 daAuts
     D:4: 190 daAuts
